 Dungeon Crawl Stone Soup version 0.30-a0-1066-g63dfefce0d (webtiles) character file.

Game seed: 5125210342665986957

610 qeuew the Ruffian (level 7, -3/102 HPs)
             Began as a Troll Fighter on Apr 12, 2023.
             Splashed by a jelly's acid (9 damage)
             ... on level 5 of the Dungeon.
             The game lasted 00:04:03 (3536 turns).

qeuew the Ruffian (Troll Fighter)                   Turns: 3536, Time: 00:04:04

Health: -3/102     AC:  4    Str: 25    XL:     7   Next: 20%
Magic:  6/6        EV:  7    Int:  4    God:
Gold:   1132       SH: 12    Dex: 11    Spells: 6/6 levels left

rFire   . . .      SeeInvis .      - Unarmed
rCold   . . .      Faith    .    d - +0 tower shield {reflect}
rNeg    . . .      Spirit   .    a - +0 robe
rPois   .          Reflect  +    (helmet restricted)
rElec   .          Rampage  .    (no cloak)
rCorr   .                        (gloves unavailable)
Will    .....                    (boots unavailable) Stlth
                                 (no amulet)
HPRegen 1.17/turn                (no ring)
MPRegen 0.10/turn                (no ring)

@: berserking, very quick
A: large, unfitting armour, claws 3, regeneration 1, shaggy fur 1, tough skin 1
a: no special abilities


You were on level 5 of the Dungeon.
You visited 1 branch of the dungeon, and saw 5 of its levels.

You collected 1132 gold pieces.

Inventory:

Armour
 a - a +0 robe (worn)
 d - a +0 tower shield of reflection (worn)
Jewellery
 b - a ring of positive energy
Wands
 j - a wand of flame (14)
Scrolls
 l - a scroll of teleportation
Potions
 c - a potion of might
 h - 2 potions of curing


   Skills:
 + Level 3.7 Fighting
 + Level 3.7 Dodging
 + Level 4.1 Shields
 * Level 5.2 Unarmed Combat


You had 6 spell levels left.
You didn't know any spells.
Your spell library contained the following spells:

 Spells                   Type           Power      Damage    Failure   Level
 Volatile Blastmotes      Fire/Tloc      0%         2d10      100%        3
 Fulminant Prism          Conj/Hex       0%         3d5       100%        4
 Iskenderun's Mystic Bla  Conj/Tloc      0%         2d3       100%        4
 Petrify                  Tmut/Erth      0%         N/A       100%        4
 Iskenderun's Battlesphe  Conj           0%         2d6       100%        5
 Lee's Rapid Deconstruct  Erth           0%         3d4*      100%        5
 Metabolic Englaciation   Hex/Ice        0%         N/A       100%        5
 Iron Shot                Conj/Erth      0%         9d1       100%        6
 Statue Form              Tmut/Erth      0%         N/A       100%        6
 Spellforged Servitor     Conj/Summ      0%         N/A       100%        7


Dungeon Overview and Level Annotations

Branches:
Dungeon (5/15)
 Temple: D:4-7

Altars:
Ru
Xom

Shops:
D:1 (


Innate Abilities, Weirdness & Mutations

You are too large for most types of armour.
You have claws for hands.
Your natural rate of healing is unusually fast.
You are covered in fur. (AC +1)
You have tough skin. (AC +1)


Message History

You block the sling bullet with your +0 tower shield of reflection... and reflect it back!
The sling bullet hits the hobgoblin!
You kill the hobgoblin!
You claw the ogre!
The ogre is moderately wounded.
The ogre hits you with a +0 giant club!!
You claw the ogre!
The ogre is heavily wounded.
The goblin unwields a +0 sling.
The goblin hits you but does no damage. You block the ogre's attack.
You claw the ogre!
The ogre is almost dead.
The jelly barely misses you.
The goblin splashes around in the water.
The ogre hits you with a +0 giant club!!
Ouch! That really hurt!
* * * LOW HITPOINT WARNING * * *
The jelly hits you but does no damage.
Unknown command.
You claw the ogre!
You kill the ogre!
You block the goblin's attack. You block the jelly's attack.
A lemure comes into view.
The orc hits you with a +0 dagger.
* * * LOW HITPOINT WARNING * * *
Unknown command.
Okay, then.
You scratch the jelly.
Your claws burn!
* * * LOW HITPOINT WARNING * * *
The jelly is severely wounded.
You block the goblin's attack. The jelly hits you.
* * * LOW HITPOINT WARNING * * *
You are splashed with acid!
* * * LOW HITPOINT WARNING * * *
You block the orc's attack. The goblin completely misses you.
A red film seems to cover your vision as you go berserk!
You feel yourself moving faster!
You feel mighty! The jelly hits you.
* * * LOW HITPOINT WARNING * * *
You are splashed with acid!
You die...

. ..
#''#####################
...5~~≈≈≈≈≈≈≈≈≈≈≈≈≈≈≈≈≈≈
.....~≈≈≈≈~≈≈≈~≈≈≈≈≈≈≈≈≈
....~5g≈~~~~~~≈≈~~~~~≈~~
.....go@~...~.~~..~.~~~.
...)..J.................
........................
##.###############......
#. #.##..# . ####.##.##
#####.......#
#...#.#######
#######..#.####


You could see 2 lemures, a jelly, an orc and 2 goblins.

Vanquished Creatures
  A black bear (D:4)
  An ogre (D:5)
  A scorpion (D:4)
  A hound (D:3)
  3 orc priests
  A sleepcap (D:5)
  2 orc wizards (D:4)
  4 gnolls (D:4)
  4 adders
  An ufetubus (D:4)
  3 worms (D:2)
  3 dart slugs
  11 orcs
  8 bats
  4 endoplasms
  3 giant cockroaches
  7 hobgoblins
  2 jackals (D:2)
  5 quokkas
  5 ball pythons
  7 frilled lizards (D:1)
  5 goblins
  2 kobolds
  6 rats
  A spectral hobgoblin (D:1)
91 creatures vanquished.

Vanquished Creatures (others)
  7 plants
7 creatures vanquished.

Grand Total: 98 creatures vanquished

Notes
Turn   | Place    | Note
-------+----------+-------------------------------------------
     0 | D:1      | qeuew the Troll Fighter began the quest for the Orb.
     0 | D:1      | Reached XP level 1. HP: 22/22 MP: 0/0
   179 | D:1      | Found a faded altar of an unknown god.
   277 | D:1      | Reached XP level 2. HP: 29/29 MP: 1/1
   315 | D:1      | Found Guxed's Weapon Boutique.
   947 | D:2      | Reached XP level 3. HP: 26/36 MP: 2/2
   955 | D:2      | Reached skill level 3 in Unarmed Combat
   959 | D:2      | Reached XP level 4. HP: 32/44 MP: 3/3
  1799 | D:3      | Reached XP level 5. HP: 47/53 MP: 4/4
  1852 | D:3      | Reached skill level 4 in Unarmed Combat
  2395 | D:4      | Noticed a black bear
  2403 | D:4      | Killed a black bear
  2404 | D:4      | Reached XP level 6. HP: 55/61 MP: 5/5
  2501 | D:4      | Found a sacrificial altar of Ru.
  3015 | D:4      | Found a shimmering altar of Xom.
  3145 | D:4      | Reached skill level 5 in Unarmed Combat
  3464 | D:5      | Entered Level 5 of the Dungeon
  3465 | D:5      | Identified 2 scrolls of acquirement
  3465 | D:5      | Acquired a +0 tower shield of reflection
  3478 | D:5      | Acquired 1014 gold pieces
  3517 | D:5      | Reached XP level 7. HP: 66/68 MP: 6/6
  3536 | D:5      | Splashed by a jelly's acid

Illustrated notes

Levels and vault maps discovered:
D:1:      dpeg_arrival_water_fire, layout_loops_ring,
          dreamdust_ecumenical_altar_drowned_temple, serial_shops,
          nicolae_shop_waterfront, grunt_decor_cap, serial_bayou_pond_a,
          st_stairs_3, minmay_lizard_king
D:2:      layout_loops_corners, minmay_between
D:3:      layout_rooms, kennysheep_potato
D:4:      layout_loops_corners, mainiacjoe_overflow_24_doors,
          mainiacjoe_overflow_catwalk, uniq_crazy_yiuf_cottage
D:5:      minmay_goblin_kobold_castle, layout_basic,
          minmay_temple_entry_gardened_gates, hellmonk_ghost_happy_afterlife,
          corner_web_ring, uniq_menkaure, uniq_pikel

Skill      XL: |  1  2  3  4  5  6 |
---------------+-------------------+-----
Shields        | 3 4 |  4.1
Unarmed Combat | 3 4 5 |  5.2
Fighting       | 3 |  3.7
Dodging        | 3 |  3.7

Action                     |  1- 3 |  4- 6 |  7- 9 || total
---------------------------+-------+-------+-------++-------
  Melee: Unarmed           |    70 |   175 |     5 ||   250
    Use: Scroll            |     3 |     9 |       ||    12
         Potion            |     2 |     4 |     1 ||     7
   Stab: Sleeping          |       |     3 |       ||     3
 Armour: Robe              |    19 |    38 |     2 ||    59
  Dodge: Dodged            |    27 |    45 |     2 ||    74
  Block: Kite shield       |    30 |    75 |       ||   105
         Tower shield      |       |       |     7 ||     7
         Reflection        |       |       |     2 ||     2

Table legend: (Time is in decaauts)
 A = Elapsed time spent in this place.
 B = Non-inter-level travel time spent in this place.
 C = Inter-level travel time spent in this place.
 D = Time resting spent in this place.
 E = Time spent auto-exploring this place.
 F = Levels seen in this place.
 G = Mean time per level.
                   A        B        C        D        E       F      G
               +--------+--------+--------+--------+--------+-----+--------+
         Total |   3533 |   3382 |    151 |    134 |   2690 |   5 |  706.6 |
       Dungeon |   3533 |   3382 |    151 |    134 |   2690 |   5 |  706.6 |
               +--------+--------+--------+--------+--------+-----+--------+

Top non-repeatable levels by time:
     D:4: 1071 daAuts
     D:2: 851 daAuts
     D:1: 798 daAuts
     D:3: 738 daAuts
     D:5: 73 daAuts
